 Dungeon Crawl Stone Soup version 0.29-a0-283-ga02f740833 (webtiles) character file.

Game seed: 17904956293231152611

781 Ajdolov the Carver (level 7, -8/59 HPs)
             Began as a Barachi Monk on Mar 13, 2022.
             Was a Believer of Wu Jian.
             Mangled by an ogre
             ... wielding a +0 giant spiked club
              (25 damage)
             ... on level 5 of the Dungeon.
             The game lasted 00:10:27 (6440 turns).

Ajdolov the Carver (Barachi Monk)                   Turns: 6440, Time: 00:10:27

Health: -8/59      AC:  7    Str: 12    XL:     7   Next: 85%
Magic:  7/7        EV: 16    Int: 17    God:    Wu Jian [**....]
Gold:   184        SH:  0    Dex: 16    Spells: 6/6 levels left

rFire   . . .      SeeInvis .   a - +0 falchion
rCold   . . .      Faith    .   (no shield)
rNeg    . . .      Spirit   .   e - +0 leather armour
rPois   .          Reflect  .   (no helmet)
rElec   .          Harm     .   d - +0 cloak
rCorr   .          Rampage  .   q - +1 pair of gloves
Will    .....                   i - +0 pair of boots
Stlth   ++........              m - amulet of the acrobat
HPRegen 0.19/turn               k - +6 ring of intelligence
MPRegen 0.10/turn               n - +4 ring of evasion

@: unable to hop, slow
A: amphibious, slowness 1, strong legs 1, +LOS
a: Hop, Renounce Religion, Wall Jump


You were on level 5 of the Dungeon.
You worshipped Wu Jian.
Wu Jian was pleased with you.
You visited 1 branch of the dungeon, and saw 5 of its levels.

You collected 184 gold pieces.

Inventory:

Hand Weapons
 a - a +0 falchion (weapon)
Armour
 d - a +0 cloak (worn)
 e - a +0 leather armour (worn)
 i - a +0 pair of boots (worn)
 q - a +1 pair of gloves (worn)
Jewellery
 k - a +6 ring of intelligence (left hand)
 m - an amulet of the acrobat (around neck)
 n - a +4 ring of evasion (right hand)
Scrolls
 b - 3 scrolls of identify {unknown}
 c - a scroll of enchant weapon {unknown}
 j - a scroll of holy word {unknown}
 l - a scroll of brand weapon {unknown}
 p - 2 scrolls of fear {unknown}
 s - a scroll of fog {unknown}
 t - a scroll of amnesia {unknown}
Potions
 f - 3 potions of curing {unknown}
 g - a potion of resistance
 h - a potion of haste
 r - 3 potions of heal wounds {unknown}
 u - a potion of attraction {unknown}


   Skills:
 + Level 6.8 Fighting
 * Level 9.1 Long Blades
 - Level 3.2 Dodging
 - Level 1.7 Stealth


You had 6 spell levels left.
You didn't know any spells.
Your spell library contained the following spells:

 Spells                   Type           Power      Damage    Failure   Level
 Corpse Rot               Necr/Air       0%         N/A       41%         2
 Poisonous Vapours        Pois/Air       0%         N/A       41%         2
 Chain Lightning          Conj/Air       0%         N/A       100%        9
 Fire Storm               Conj/Fire      0%         5d1       100%        9
 Shatter                  Erth           0%         3d5*      100%        9


Dungeon Overview and Level Annotations

Branches:
Dungeon (5/15)             Temple (0/1) D:5

Altars:
Okawaru
Wu Jian


Innate Abilities, Weirdness & Mutations

You are amphibious.
You cover ground slowly.
You can hop short distances.
You have an extended range of vision and can be seen from far away.


Message History

You slash the jelly!
You kill the jelly!
The Council accepts your kill.
You are ready to hop once more.
Your Long Blades skill increases to level 9!
The gnoll misses you.
Hop to where?
Press: ? - help, Q - select action, (/) - cycle Dir - move target Boing!
You lunge at the gnoll.
You slash the gnoll!
The gnoll is almost dead.
The gnoll hits you with a +0 club.
You closely miss the gnoll.
The gnoll is severely wounded.
The gnoll barely misses you.
You barely miss the gnoll.
The gnoll is severely wounded.
The gnoll barely misses you.
You barely miss the gnoll.
The gnoll is severely wounded.
The gnoll closely misses you. The gnoll attacks as you move away!
The gnoll hits you with a +0 club.
* * * LOW HITPOINT WARNING * * *
You slash the gnoll!
You kill the gnoll!
The Council accepts your kill. The gnoll attacks as you move away!
The gnoll completely misses you.
You slash the gnoll!
The gnoll is severely wounded.
The gnoll closely misses you.
You hit the gnoll.
You kill the gnoll!
The Council accepts your kill.
Okay, then.
You aren't carrying any items that you can evoke.
Unknown command.
You hit the ogre.
The ogre is lightly wounded.
The ogre hits you with a +0 giant spiked club!!
You die...

#.#.#...####....<....##
#......^...+.........'.
###.#...####.........##
#.....# ##.......##
#####.# ##.....## #.#
####...## #.# ##.###'##
#####.###.#.##.#
#.)O@....###.#.###
#.###.#.## ##....# #.#
#.##.###.....# #O#
#.###.#J...).# #.#
#......##....#### #)#
#####.####g#.....
#.#######.# #.######
#...g.O.).# #.#
########### #.#


You could see an ogre.

Vanquished Creatures
  2 ice beasts
  A kobold brigand (D:4)
  A scorpion (D:4)
  A gnoll shaman (D:5)
  A hound (D:4)
  A jelly (D:5)
  An orc priest (D:5)
  2 iguanas (D:4)
  Natasha (twice) (D:3)
  6 gnolls
  6 adders
  An ufetubus (D:5)
  2 worms (D:2)
  3 dart slugs
  6 orcs
  10 ball pythons
  9 bats
  5 endoplasms
  4 giant cockroaches
  8 goblins
  7 hobgoblins
  A jackal (D:3)
  31 kobolds
  4 quokkas
  5 frilled lizards
  A goblin zombie (D:4)
  8 rats
  A rat zombie (D:4)
130 creatures vanquished.

Vanquished Creatures (others)
  56 plants (D:4)
56 creatures vanquished.

Grand Total: 186 creatures vanquished

Notes
Turn   | Place    | Note
-------+----------+-------------------------------------------
     0 | D:1      | Ajdolov the Barachi Monk began the quest for the Orb.
     0 | D:1      | Reached XP level 1. HP: 18/18 MP: 1/1
    97 | D:1      | Reached skill level 4 in Long Blades
    97 | D:1      | Reached XP level 2. HP: 18/25 MP: 2/2
   832 | D:1      | Reached XP level 3. HP: 29/30 MP: 3/3
  1519 | D:2      | Reached skill level 5 in Long Blades
  1986 | D:2      | Reached XP level 4. HP: 35/38 MP: 4/4
  2781 | D:3      | Noticed Natasha
  2794 | D:3      | Killed Natasha
  2795 | D:3      | Reached XP level 5. HP: 34/43 MP: 5/5
  2865 | D:3      | Found a faded altar of an unknown god.
  3060 | D:3      | Noticed Natasha
  3085 | D:3      | Killed Natasha
  3086 | D:3      | Reached skill level 6 in Long Blades
  3489 | D:3      | Reached skill level 5 in Fighting
  3500 | D:3      | Noticed an ogre
  4273 | D:4      | Reached XP level 6. HP: 38/51 MP: 6/6
  4466 | D:4      | Reached skill level 7 in Long Blades
  4519 | D:4      | Found a large runed translucent door.
  4519 | D:4      | Found a large runed translucent door.
  5055 | D:4      | Noticed an ice beast
  5086 | D:4      | Killed an ice beast
  5087 | D:4      | Reached skill level 8 in Long Blades
  5087 | D:4      | Reached XP level 7. HP: 31/58 MP: 7/7
  5916 | D:4      | Found an ornate altar of the Wu Jian Council.
  5932 | D:4      | Found an iron altar of Okawaru.
  5945 | D:4      | Became a worshipper of the Wu Jian Council
  5945 | D:4      | Reached * piety under Wu Jian
  5945 | D:4      | Reached ** piety under Wu Jian
  5974 | D:5      | Entered Level 5 of the Dungeon
  5976 | D:5      | Noticed a two-headed ogre
  6366 | D:5      | Found a staircase to the Ecumenical Temple.
  6420 | D:5      | Reached skill level 9 in Long Blades
  6440 | D:5      | Mangled by an ogre

Illustrated notes

Levels and vault maps discovered:
D:1:      dpeg_arrival_water_temple_mockup, layout_basic, minmay_misc_feat_doors
D:2:      layout_basic
D:3:      minmay_chambers_of_threes, layout_basic,
          shapermc_ecumenical_altar_notcrosses, kennysheep_generic_room_6,
          uniq_natasha
D:4:      kennysheep_kobold_camp, layout_loops_corners, jmf_multi_god_temple2,
          enter_ossuary_4
D:5:      layout_loops_corners, mainiacjoe_overflow_small_starburst,
          minmay_temple_entry_sparse_star

Skill      XL: |  1  2  3  4  5  6  7 |
---------------+----------------------+-----
Long Blades    | 4 5 6 8 9 |  9.1
Fighting       | 4 5 6 |  6.8
Dodging        | |  3.2
Stealth        | |  1.7

Action                   |  1- 3 |  4- 6 |  7- 9 || total
-------------------------+-------+-------+-------++-------
Melee: Falchion          |   112 |   277 |   105 ||   494
       Punch             |     2 |     2 |     2 ||     6
Throw: Throwing net      |       |     1 |       ||     1
Invok: Whirlwind         |       |       |     8 ||     8
       Lunge             |       |       |     2 ||     2
 Abil: Hop               |     1 |     1 |     3 ||     5
  Use: Potion            |       |     1 |       ||     1
 Stab: Sleeping          |     1 |     2 |     2 ||     5
       Distracted        |       |     1 |       ||     1
Armor: Leather armour    |    29 |    62 |    21 ||   112
Dodge: Dodged            |    62 |   302 |    77 ||   441

Table legend: (Time is in decaauts)
 A = Elapsed time spent in this place.
 B = Non-inter-level travel time spent in this place.
 C = Inter-level travel time spent in this place.
 D = Time resting spent in this place.
 E = Time spent auto-exploring this place.
 F = Levels seen in this place.
 G = Mean time per level.
                   A        B        C        D        E       F      G
               +--------+--------+--------+--------+--------+-----+--------+
         Total |   7216 |   7032 |    184 |    867 |   4809 |   5 | 1443.2 |
       Dungeon |   7216 |   7032 |    184 |    867 |   4809 |   5 | 1443.2 |
               +--------+--------+--------+--------+--------+-----+--------+

Top non-repeatable levels by time:
     D:4: 2309 daAuts
     D:2: 1775 daAuts
     D:1: 1432 daAuts
     D:3: 1214 daAuts
     D:5: 484 daAuts
